 Dungeon Crawl Stone Soup version 0.29.0-7-g18a832c13a (webtiles) character file.

Game seed: 17353961049846463805

39 gelatine the Insei (level 3, -2/23 HPs)
             Began as an Octopode Transmuter on Sept 1, 2022.
             Slain by a worm (8 damage)
             ... on level 2 of the Dungeon.
             The game lasted 00:02:20 (1320 turns).

gelatine the Insei (Octopode Transmuter)            Turns: 1320, Time: 00:02:20

Health: -2/23      AC:  1    Str:  9    XL:     3   Next: 45%
Magic:  4/6        EV: 13    Int: 17    God:
Gold:   35         SH:  0    Dex: 12    Spells: 4/7 levels left

rFire   . . .      SeeInvis .   f - +0 short sword (venom)
rCold   . . .      Faith    .   (no shield)
rNeg    . . .      Spirit   .   (helmet currently unavailable)
rPois   .          Reflect  .   (no amulet)
rElec   .          Harm     .   (no ring)
rCorr   .          Rampage  .   (no ring)
Will    .....                   (no ring)
Stlth   ++........              (no ring)
HPRegen 0.07/turn               (no ring)
MPRegen 0.10/turn               (no ring)
                                (no ring)
                                (no ring)

@: appendages, very slightly contaminated
A: tentacle spike 3, almost no armour, amphibious, 8 rings, camouflage 1,
gelatinous body 1, (nimble swimmer 1), tentacles
a: End Transformation


You were on level 2 of the Dungeon.
One of your tentacles had grown a beastly spike.
You visited 1 branch of the dungeon, and saw 2 of its levels.

You collected 35 gold pieces.

Inventory:

Hand Weapons
 f - a +0 short sword of venom (weapon)
Magical Staves
 h - a staff of air
Scrolls
 b - a scroll of enchant armour {unknown}
 c - a scroll of torment {unknown}
 d - a scroll of identify {unknown}
 e - a scroll of enchant weapon {unknown}
 g - a scroll of amnesia {unknown}
Potions
 a - a potion of lignification


   Skills:
 + Level 1.0 Fighting
 + Level 0.1 Short Blades
 + Level 2.2 Dodging
 + Level 0.6 Stealth
 + Level 3.6 Unarmed Combat
 + Level 2.5 Spellcasting
 + Level 2.1 Transmutations


You had 4 spell levels left.
You knew the following spells:

 Your Spells              Type           Power      Damage    Failure   Level
a - Beastly Appendage     Tmut           18%        N/A       8%          1
b - Wereblood             Tmut           9%         N/A       12%         2

Your spell library contained the following spells:

 Spells                   Type           Power      Damage    Failure   Level
 Spider Form              Tmut/Pois      5%         N/A       34%         3
 Ice Form                 Ice/Tmut       5%         N/A       75%         4


Dungeon Overview and Level Annotations

Branches:
Dungeon (2/15)

Altars:


Innate Abilities, Weirdness & Mutations

One of your tentacles has grown a beastly spike.
You cannot wear most types of armour.
You are amphibious.
You can wear up to eight rings at the same time.
Your skin changes colour to match your surroundings (Stealth+).
Your rubbery body absorbs attacks. (AC +1, EV +1)
((You are camouflaged when in or above water. (Stealth+)))
You have tentacles for arms and can constrict up to eight enemies at once.


Message History

You climb downwards.
There is a stone staircase leading up here.
A worm and a bat come into view.
Found 4 gold pieces.
Found a stone staircase leading up.
You miscast Beastly Appendage.
You are very lightly contaminated with residual magic.
Nothing appears to happen.
The bat barely misses you.
You miss the bat. You grab the bat. You constrict the bat. The bat hits you.
The bat escapes!
You hit the bat.
You kill the bat!
You see here a bat corpse.
You see here 4 gold pieces.
Your magical contamination has completely faded away.
An adder comes into view.
The adder hisses angrily.
The adder misses you.
You hit the adder.
The adder is poisoned.
You grab the adder. You tentacle-slap the adder.
The adder is heavily wounded.
You constrict the adder. The adder closely misses you.
You hit the adder. You squeeze the adder.
You kill the adder!
You hit the worm. You grab the worm.
The worm is moderately wounded.
You constrict the worm. The worm bites you!
You hit the worm.
The worm is poisoned.
The worm is moderately wounded.
You constrict the worm.
You miscast Beastly Appendage.
You are very lightly contaminated with residual magic.
Nothing appears to happen.
You constrict the worm. The worm bites you!
* * * LOW HITPOINT WARNING * * *
You are too injured to fight recklessly!
Casting: Beastly Appendage (safe; 8% risk of failure)
Confirm with . or Enter, or press ? or * to list all spells.
One of your tentacles grows a vicious spike.
You constrict the worm. The worm bites you!
You die...

#............#
#.
#####!.####.#
#. #.†#
#.##########.
######.$#
#............
........#
#############
#######.# #.#
#w# #@# #.#
#.# #.# #.#
#.# #.. ####


You could see a worm (very poisoned).

Vanquished Creatures
  An adder (D:2)
  A dart slug (D:1)
  A ball python (D:1)
  2 bats
  8 endoplasms (D:1)
  2 hobgoblins (D:1)
  4 kobolds (D:1)
  A frilled lizard (D:1)
  3 goblins (D:1)
  A rat (D:1)
24 creatures vanquished.

Notes
Turn   | Place    | Note
-------+----------+-------------------------------------------
     0 | D:1      | gelatine the Octopode Transmuter began the quest for the
                  | Orb.
     0 | D:1      | Reached XP level 1. HP: 13/13 MP: 3/3
   476 | D:1      | Reached XP level 2. HP: 15/18 MP: 3/5
   540 | D:1      | Learned a level 2 spell: Wereblood
   943 | D:1      | Reached XP level 3. HP: 20/23 MP: 6/6
  1320 | D:2      | Slain by a worm

Illustrated notes

Levels and vault maps discovered:
D:1:      dpeg_arrival_brainrot, layout_loops_ring
D:2:      layout_loops_ring, shapermc_ecumenical_altar_mp_urbaneastern,
          minmay_misc_feat_enclosed, minmay_worlds_worst_comb

Action                   || total
-------------------------++-------
Melee: Unarmed           ||    38
       Tentacles         ||    13
       Kick              ||    13
       Constrict         ||     9
       Short sword       ||     9
       Punch             ||     1
 Cast: Beastly Appendage ||    17
 Stab: Sleeping          ||     2
Armor: Skin              ||     4
Dodge: Dodged            ||    16
